 Dungeon Crawl Stone Soup version 0.22-a0-48-g8770677 (webtiles) character file.

294 shenanigans the Slasher (level 6, -12/73 HPs)
             Began as a Barachi Skald on Jan 7, 2018.
             Was an Initiate of Okawaru.
             Mangled by an ogre
             ... wielding a +0 giant club
              (23 damage)
             ... on level 6 of the Dungeon.
             The game lasted 00:08:36 (3703 turns).

shenanigans the Slasher (Barachi Skald)             Turns: 3703, Time: 00:08:36

Health: -12/73     AC: 23    Str: 12    XL:     6   Next: 34%
Magic:  9/9        EV:  2    Int: 16    God:    Okawaru [......]
Gold:   143        SH:  0    Dex: 11    Spells: 8/9 levels left

rFire    + . .     SeeInvis .   a - +0 falchion
rCold    . . .     Gourm    .   (no shield)
rNeg     + + +     Faith    .   (armour currently unavailable)
rPois    +         Spirit   .   (helmet currently unavailable)
rElec    .         Reflect  .   (cloak currently unavailable)
rCorr    .         Harm     .   (gloves currently unavailable)
MR       .....     NoTele   +   (boots currently unavailable)
Stlth    +.........             l - amulet of magic regeneration
HPRegen  0.22/turn              m - ring of protection from fire
MPRegen  0.36/turn              (no ring)

@: tree-form (expiring), very slightly contaminated
A: +LOS, swims
a: Renounce Religion


You were on level 6 of the Dungeon.
You worshipped Okawaru.
Okawaru was noncommittal.
You were not hungry.
You were a tree.
You visited 1 branch of the dungeon, and saw 4 of its levels.

You collected 143 gold pieces.

Inventory:

Hand Weapons
 a - a +0 falchion (weapon)
Armour
 b - a +0 leather armour
 e - a +0 ring mail
 f - a +0 pair of gloves
 j - a +0 cloak (melded)
 k - a +0 pair of gloves
 r - a cursed +0 chain mail (melded)
 s - a +1 pair of gloves (melded)
Jewellery
 l - an amulet of magic regeneration (around neck)
 m - a ring of protection from fire (left branch)
 t - a +2 ring of slaying {unknown}
Scrolls
 o - a scroll of remove curse
Potions
 n - 3 potions of brilliance
Books
 c - a book of Battle

   Spells                             Type                      Level
   a - Infusion                       Charms                       1
   b - Shroud of Golubria             Charms/Translocation         2
   c - Song of Slaying                Charms                       2
   d - Spectral Weapon                Hexes/Charms                 3
   e - Regeneration                   Charms/Necromancy            3
 v - a book of Maledictions

   Spells                             Type                      Level
   a - Corona                         Hexes                        1
   b - Ensorcelled Hibernation        Hexes/Ice                    2
   c - Confuse                        Hexes                        3
   d - Tukima's Dance                 Hexes                        3
   e - Dazzling Spray                 Conjuration/Hexes            3
Comestibles
 d - 2 rations


   Skills:
 + Level 4.4 Fighting
 + Level 4.4 Long Blades
 + Level 3.6 Armour
 + Level 4.0 Dodging
 - Level 2.1 Spellcasting
 - Level 3.2 Charms


You had 8 spell levels left.
You knew the following spells:

 Your Spells              Type           Power        Failure   Level  Hunger
a - Infusion              Chrm           ##..         5%          1    #......


Dungeon Overview and Level Annotations

Branches:
Dungeon (3/15)

Altars:
Okawaru

Annotations:
D:6 Alex's ghost, novice DECj


Innate Abilities, Weirdness & Mutations

Shadows flee at your approach. (+LOS)
You can swim through water.
((You cover ground slowly.))
((You can hop short distances.))


Message History

The ogre hits you but does no damage.
Alex's ghost wails, "I have seen your future, and it is all used up."
You barely miss the ogre.
The ogre is severely wounded.
The ogre hits you with a giant club.
You hit the ogre but do no damage.
The ogre is severely wounded.
The ogre hits you with a giant club!
* * * LOW HITPOINT WARNING * * *
You hit the ogre.
The ogre is severely wounded.
You hit the ogre.
The ogre is almost dead.
The ogre hits you with a giant club!
* * * LOW HITPOINT WARNING * * *
You barely miss the ogre.
The ogre is almost dead.
Your transformation is almost over.
The ogre hits you with a giant club!!
You die...

#.# ##c.....# #.
###.##.##. #
#.........
#####......>..
########.............
.....................
######..##..........
###)†###..........
#♣OW## #..........
##### ##.........
##....%#.. ########


You could see an ogre and Alex's ghost.

Vanquished Creatures
  A howler monkey (D:6)
  A centaur zombie (D:6)
  Natasha (twice) (D:2)
  4 gnolls
  3 adders
  3 worms
  3 dart slugs
  4 leopard geckos
  5 orcs
  8 bats
  2 giant cockroaches (D:3)
  6 goblins
  8 hobgoblins
  3 jackals (D:2)
  5 kobolds
  2 quokkas
  A ball python (D:3)
  8 rats
69 creatures vanquished.

Vanquished Creatures (others)
  A centaur (D:6)
  A bullfrog (D:6)
  A worker ant (D:6)
  A giant cockroach (D:6)
4 creatures vanquished.

Grand Total: 73 creatures vanquished

Notes
Turn   | Place    | Note
-------+----------+-------------------------------------------
     0 | D:1      | shenanigans the Barachi Skald began the quest for the Orb.
     0 | D:1      | Reached XP level 1. HP: 17/17 MP: 3/3
   482 | D:1      | Reached XP level 2. HP: 20/23 MP: 5/5
   744 | D:1      | Reached XP level 3. HP: 24/28 MP: 6/6
  1409 | D:2      | Reached XP level 4. HP: 35/35 MP: 7/7
  2164 | D:2      | Noticed Natasha
  2180 | D:2      | Killed Natasha
  2180 | D:2      | Reached XP level 5. HP: 25/42 MP: 8/8
  2395 | D:2      | Noticed Natasha
  2563 | D:2      | Killed Natasha
  3526 | D:3      | You fall through a shaft for 3 floors!
  3543 | D:6      | Reached XP level 6. HP: 46/48 MP: 9/9
  3613 | D:6      | Noticed Alex's ghost (novice DECj)
  3618 | D:6      | Found an iron altar of Okawaru.
  3627 | D:6      | Became a worshipper of Warmaster Okawaru
  3703 | D:6      | Mangled by an ogre

Vault maps used:
D:1:      nzn_arrival_depleted_hourglass
D:2:      uniq_natasha
D:6:      gammafunk_temple_overflow_forgotten, basic_altar

Skill      XL: |  1  2  3  4  5  6 |
---------------+-------------------+-----
Armour         | 2 3 |  3.6
Long Blades    | 3 4 |  4.4
Fighting       | 3 4 |  4.4
Dodging        | 3 4 |  4.0
Spellcasting   | |  2.1
Charms         | |  3.2

Action                   |  1- 3 |  4- 6 || total
-------------------------+-------+-------++-------
Melee: Falchion          |   109 |   204 ||   313
 Cast: Infusion          |     2 |     3 ||     5
 Abil: Hop               |       |     2 ||     2
  Use: Potion            |       |     8 ||     8
       Scroll            |       |     3 ||     3
 Stab: Invisible         |       |     2 ||     2
  Eat: Chunk             |     2 |     5 ||     7
       Ration            |       |     1 ||     1
Armor: Leather armour    |     8 |       ||     8
       Ring mail         |    39 |    46 ||    85
       Chain mail        |       |    89 ||    89
       Skin              |       |    15 ||    15
Dodge: Dodged            |    69 |    88 ||   157
       Rpst.: Falchion   |    16 |    28 ||    44

Table legend:
 A = Spawn XP
 B = Non-spawn XP
 C = Spawn XP percentage of total XP
 D = Spawn monster count
 E = Non-spawn monster count
 F = Spawn count percentage of total count
 G = Total turns spent on level
                    A         B        C        D         E        F      G
               +---------+---------+-------+---------+---------+-------+---------
         Total |       0 |     421 |   0.0 |       0 |      70 |   0.0 |  3703
               +---------+---------+-------+---------+---------+-------+---------
           D:1 |       0 |      68 |   0.0 |       0 |      27 |   0.0 |  1527
           D:2 |       0 |     159 |   0.0 |       0 |      15 |   0.0 |  1408
           D:3 |       0 |      55 |   0.0 |       0 |      22 |   0.0 |   591
           D:6 |       0 |     139 |   0.0 |       0 |       6 |   0.0 |   177
               +---------+---------+-------+---------+---------+-------+---------
